 Dungeon Crawl Stone Soup version 0.29-a0-322-g68df515428 (webtiles) character file.

Game seed: 64097840044915512

455 Leszczynek the Skirmisher (level 7, 0/55 HPs)
             Began as a Human Gladiator on Apr 5, 2022.
             Was a Follower of Ru.
             Killed by divine providence
             ... invoked by an orc priest
              (13 damage)
             ... on level 5 of the Dungeon.
             The game lasted 00:15:57 (1678 turns).

Leszczynek the Skirmisher (Human Gladiator)         Turns: 1678, Time: 00:15:58

Health: 0/55       AC:  7    Str: 14    XL:     7   Next: 26%
Magic:  7/7        EV: 12    Int:  9    God:    Ru [*.....]
Gold:   223        SH:  0    Dex: 16    Spells: 6/6 levels left

rFire   . . .      SeeInvis .   a - +0 war axe
rCold   + . .      Faith    .   (no shield)
rNeg    . . .      Spirit   .   p - +0 ring mail
rPois   .          Reflect  .   c - +0 helmet
rElec   .          Harm     .   (no cloak)
rCorr   .          Rampage  .   (no gloves)
Will    .....                   h - +0 pair of boots
Stlth   +.........              (no amulet)
HPRegen 0.18/turn               o - ring of protection from cold
MPRegen 0.10/turn               (no ring)

@: no status effects
A: inability to train armour
a: Renounce Religion


You were on level 5 of the Dungeon.
You worshipped Ru.
Ru was aware of your devotion.
You visited 1 branch of the dungeon, and saw 5 of its levels.

You collected 223 gold pieces.

Inventory:

Hand Weapons
 a - a +0 war axe (weapon)
 x - a +0 long sword
Missiles
 s - a javelin
Armour
 b - a +0 leather armour
 c - a +0 helmet (worn)
 h - a +0 pair of boots (worn)
 p - a +0 ring mail (worn)
Jewellery
 d - a ring of fire
 o - a ring of protection from cold (left hand)
Wands
 k - a wand of flame (3) (quivered)
Scrolls
 f - a scroll of magic mapping {unknown}
 g - 2 scrolls of enchant weapon {unknown}
 i - 2 scrolls of enchant armour {unknown}
 j - a scroll of summoning {unknown}
 l - 3 scrolls of identify {unknown}
 m - a scroll of fog {unknown}
 n - a scroll of teleportation {unknown}
 r - 3 scrolls of vulnerability {unknown}
Potions
 e - a potion of curing {unknown}
 q - a potion of resistance {unknown}
 t - a potion of mutation {unknown}


   Skills:
 + Level 4.3 Fighting
 * Level 2.9 Long Blades
 - Level 3.5 Axes
 - Level 3.7 Throwing
 + Level 4.3 Dodging


You had 6 spell levels left.
You didn't know any spells.
Your spell library was empty.

Dungeon Overview and Level Annotations

Branches:
Dungeon (5/15)
 Temple: D:4-7

Altars:
Ru


Innate Abilities, Weirdness & Mutations

You cannot train Armour skill.


Message History

The orc completely misses you. The orc closely misses you.
You slash the orc!
You kill the orc!
You closely miss the orc. The orc completely misses you.
You hit the orc but do no damage. The orc closely misses you.
The orc hits you but does no damage.
You closely miss the orc. The orc hits you with a +0 whip.
You barely miss the orc.
The orc priest shouts!
The orc hits you but does no damage.
You slash the orc!
You kill the orc!
You see here a +0 trident.
You hit the orc priest.
The orc priest is moderately wounded.
The orc priest looks braver for a moment.
The orc priest hits you but does no damage.
You closely miss the orc priest.
The orc priest is moderately wounded.
The orc priest misses you.
You barely miss the orc priest.
The orc priest is moderately wounded.
The orc priest calls down the wrath of Beogh upon you.
Beogh smites you!
You hit the orc priest.
The orc priest is heavily wounded.
The orc priest looks satisfied for a moment.
You redirect the orc priest's attack!
The orc priest closely misses itself.
You hit the orc priest.
The orc priest is severely wounded.
The orc priest calls down the wrath of Beogh upon you.
Beogh smites you!
* * * LOW HITPOINT WARNING * * *
You hit the orc priest.
The orc priest is almost dead.
The orc priest calls down the wrath of Beogh upon you.
Beogh smites you!
You die...

...........#
........^.## ...
#......... ...
##...#..####...
#...##...##.... .. .
#...........# ... ..
##...##..##.####... ...
#...#..o...#....# ....
##.##...@.....#
#<.####o.#......)..##
#.....o.........<...#
#............##......##
#.........#######....#
##...#.#### ##.###
#.##### ### ##


You could see an orc priest.

Vanquished Creatures
  An ogre (D:4)
  2 scorpions
  A hound (D:3)
  A jelly (D:4)
  An iguana (D:4)
  An orc wizard (D:4)
  Robin (D:2)
  4 adders
  2 gnolls (D:4)
  2 dart slugs (D:4)
  4 orcs
  5 ball pythons
  3 endoplasms
  4 giant cockroaches
  12 goblins
  12 hobgoblins
  4 jackals (D:3)
  4 quokkas (D:1)
  2 bats (D:2)
  4 frilled lizards
  6 kobolds
  5 rats
81 creatures vanquished.

Notes
Turn   | Place    | Note
-------+----------+-------------------------------------------
     0 | D:1      | Leszczynek the Human Gladiator began the quest for the Orb.
     0 | D:1      | Reached XP level 1. HP: 16/16 MP: 1/1
     0 | D:1      | yes, i should've blinked and teleported
     0 | D:1      | but HOW THE FUCK
     0 | D:1      | do you get IMMEDIATELY surrounded on descent on VAULTS
                  | THREE
     0 | D:1      | by TWO CRYSTAL GUARDIANS and a peacekeeper
     0 | D:1      | with your back against a wall so the bolts can bounce
                  | nicely
     0 | D:1      | WHY IS IT ALLOWED IN VAULTS MOTHERFUCKING THREE
     0 | D:1      | am i supposed to take precautions against being surrounded
                  | by ogres when going down to d:4 or something?
     0 | D:1      | what amount of absurd preparations do i need to take
     0 | D:1      | maybe i should haste myself before going down any stairs to
                  | a new level? :)
     0 | D:1      | oh wait i can't reusable haste was removed oops
     0 | D:1      | all forms of it
    49 | D:1      | Reached XP level 2. HP: 15/22 MP: 2/2
   176 | D:1      | Found a faded altar of an unknown god.
   182 | D:1      | Prayed at the altar of an unknown god.
   182 | D:1      | Became a worshipper of Ru the Awakened
   185 | D:1      | Gained mutation: You cannot train Armour skill. [Ru
                  | sacrifice]
   185 | D:1      | Reached * piety under Ru
   189 | D:1      | fuck armor i guess
   214 | D:1      | Reached XP level 3. HP: 8/28 MP: 3/3
   225 | D:1      | HP: 5/28 [constriction (1)]
   265 | D:2      | Noticed a scorpion
   266 | D:2      | XD
   603 | D:2      | Reached XP level 4. HP: 17/34 MP: 4/4
   662 | D:2      | Killed a scorpion
   663 | D:2      | Reached skill level 3 in Fighting
   663 | D:2      | Reached XP level 5. HP: 29/41 MP: 5/5
   934 | D:4      | Noticed an ogre
   952 | D:3      | Noticed Robin
   981 | D:2      | Killed Robin
  1227 | D:4      | Reached skill level 4 in Fighting
  1227 | D:4      | Reached skill level 1 in Long Blades
  1227 | D:4      | Reached skill level 3 in Throwing
  1227 | D:4      | Reached XP level 6. HP: 32/48 MP: 6/6
  1257 | D:3      | Reached skill level 4 in Dodging
  1386 | D:4      | Ouch! That really hurt!
  1386 | D:4      | HP: 3/48 [ogre/+0 giant spiked club (24)]
  1387 | D:4      | Killed an ogre
  1388 | D:4      | Reached skill level 2 in Long Blades
  1396 | D:4      | Reached XP level 7. HP: 28/54 MP: 7/7
  1475 | D:5      | Entered Level 5 of the Dungeon
  1678 | D:5      | Killed from afar by an orc priest

Illustrated notes ####### #....@# #..#.....# # ####### Turn 0 on D:1: yes, i should've blinked and teleported

. #.# #. ###
########.#########.
..##......#.##........
.........#.##........
#####.......#.##.....>..
#8.8#..........#........
###...###8.......#........
+..._...'@......†)........
###...###8......#........>
#8.8#...(...#.#....##.#.
#####.........#..#......
...........##...##...
......#.....##...###..
##.....#.....####.####.
#.....#.....# #......
#.....# #......


Turn 189 on D:1: fuck armor i guess ### #<# #@# #.s....# #.#..... #.##### #. #
Turn 266 on D:2: XD

Levels and vault maps discovered:
D:1:      ebering_hopf_link, layout_rooms,
          dreamdust_ecumenical_altar_angels_and_demons, hangedman_decor_push,
          palyth_stone_intersect
D:2:      layout_basic
D:3:      layout_basic, uniq_robin, uniq_pargi
D:4:      layout_basic
D:5:      layout_cave_pools, nicolae_wu_jian_glorious_leap,
          minmay_temple_entry_statues_pillars, serial_shops, nicolae_shop_trees,
          uniq_crazy_yiuf_cottage

Skill      XL: |  1  2  3  4  5  6 |
---------------+-------------------+-----
Fighting       | 3 4 |  4.3
Long Blades    | 1 2 |  2.9
Throwing       | 3 |  3.7
Dodging        | 4 |  4.3
Axes           | |  3.5

Action                   |  1- 3 |  4- 6 |  7- 9 || total
-------------------------+-------+-------+-------++-------
Melee: War axe           |    80 |   141 |    48 ||   269
       Punch             |       |     2 |       ||     2
Throw: Throwing net      |     4 |     1 |       ||     5
       Javelin           |       |     2 |       ||     2
Invok: Sacrifice Durabil |     1 |       |       ||     1
Evoke: Wand              |       |     4 |       ||     4
  Use: Potion            |       |     1 |       ||     1
 Stab: Held in net/web   |     1 |     1 |       ||     2
       Sleeping          |     1 |       |       ||     1
Armor: Leather armour    |    20 |    53 |       ||    73
       Ring mail         |       |     3 |    14 ||    17
Dodge: Dodged            |    58 |   112 |    26 ||   196

Table legend: (Time is in decaauts)
 A = Elapsed time spent in this place.
 B = Non-inter-level travel time spent in this place.
 C = Inter-level travel time spent in this place.
 D = Time resting spent in this place.
 E = Time spent auto-exploring this place.
 F = Levels seen in this place.
 G = Mean time per level.
                   A        B        C        D        E       F      G
               +--------+--------+--------+--------+--------+-----+--------+
         Total |   1776 |   1729 |     47 |      4 |    210 |   5 |  355.2 |
       Dungeon |   1776 |   1729 |     47 |      4 |    210 |   5 |  355.2 |
               +--------+--------+--------+--------+--------+-----+--------+

Top non-repeatable levels by time:
     D:2: 599 daAuts
     D:3: 418 daAuts
     D:4: 410 daAuts
     D:1: 292 daAuts
     D:5: 55 daAuts
